 Dungeon Sprint DCSS version 0.26-a0-800-g517d6fe721 (webtiles) character file.

Game seed: 9916415747099883691

112 sahdkjhfkaj the Thrower (level 4, -3/66 HPs)
             Began as an Ogre Hunter on Nov 12, 2020.
             Slain by Sigmund
             ... wielding a +0 scythe
              (7 damage)
             ... in the Dungeon (Sprint I: "Red Sonja").
             The game lasted 00:00:49 (54 turns).

sahdkjhfkaj the Thrower (Ogre Hunter)                 Turns: 54, Time: 00:00:49

Health: -3/66      AC:  3    Str: 17    XL:     4   Next: 95%
Magic:  4/4        EV: 10    Int: 12    God:
Gold:   54         SH:  0    Dex:  9    Spells: 3/3 levels left

rFire    . . .     SeeInvis .   a - +0 short sword
rCold    . . .     Faith    .   (no shield)
rNeg     . . .     Spirit   .   b - +0 robe
rPois    .         Reflect  .   (helmet restricted)
rElec    .         Harm     .   (no cloak)
rCorr    .         Rampage  .   (gloves unavailable)
MR       .....     NoTele   +   (boots unavailable)
Stlth    ..........             (no amulet)
HPRegen  0.21/turn              (no ring)
MPRegen  0.09/turn              (no ring)

@: berserking (expiring), very quick
A: large, unfitting armour, tough skin 1
a: no special abilities


You were in the Dungeon.
You visited 1 branch You collected 54 gold pieces.

Inventory:

Hand Weapons
 a - a +0 short sword (weapon)
Missiles
 d - 2 throwing nets (quivered) {!f}
Armour
 b - a +0 robe (worn)
Wands
 k - a wand of polymorph (13)
Scrolls
 j - a scroll of blinking {!r}
Potions
 f - 2 potions of heal wounds {!q}
 g - a potion of haste {!q}
 h - 2 potions of magic {!q}


   Skills:
 - Level 2.6 Fighting
 + Level 10.1 Throwing
 - Level 1.7 Dodging
 - Level 0.6 Stealth


You had 3 spell levels left.
You didn't know any spells.
Your spell library was empty.

Dungeon Overview and Level Annotations

Branches:
Dungeon (1/1)

Altars:

Annotations:
D Sigmund


Innate Abilities, Weirdness & Mutations

You are too large for most types of armour.
You have tough skin. (AC +1)


Message History

You hear some strange, mumbled words.
A magic dart appears from out of thin air!
The magic dart hits you.
* * * LOW HITPOINT WARNING * * *
You puncture something! Something hits you.
* * * LOW HITPOINT WARNING * * *
You miss something. You miss something.
You hear some strange, mumbled words.
A magic dart appears from out of thin air!
The magic dart hits you.
* * * LOW HITPOINT WARNING * * *
You closely miss something. Something hits you!
* * * LOW HITPOINT WARNING * * *
You closely miss something. You barely miss something. Something hits you!
You die...

#############
#<.#.['..#..+
#..'..#.(@{(#
#..#####+####
#..# #..#
#..# ####
#..# #⌠⌠#
####


There were no monsters in sight!

Vanquished Creatures
  An ogre (D)
  Ijyb (D)
2 creatures vanquished.

Notes
Turn   | Place    | Note
-------+----------+-------------------------------------------
     0 | D        | sahdkjhfkaj the Ogre Hunter began the quest for the Orb.
     0 | D        | Reached XP level 1. HP: 22/22 MP: 1/1
     1 | D        | Noticed Ijyb
     2 | D        | Killed Ijyb
     2 | D        | Reached skill level 7 in Throwing
     2 | D        | Reached XP level 2. HP: 29/29 MP: 2/2
     2 | D        | Reached XP level 3. HP: 36/36 MP: 3/3
     7 | D        | Noticed an ogre
     8 | D        | Killed an ogre
     8 | D        | Reached skill level 10 in Throwing
     8 | D        | Reached XP level 4. HP: 44/44 MP: 4/4
    21 | D        | Noticed Sigmund
    54 | D        | Slain by Sigmund

Illustrated notes

Levels and vault maps discovered:
D:        dungeon_sprint_1 [red_sonja_temple_1, red_sonja_temple_small_1]

Skill      XL: |  1  2  3 |
---------------+----------+-----
Throwing       | 7 10 | 10.1
Fighting       | |  2.6
Dodging        | |  1.7
Stealth        | |  0.6

Action                   |  1- 3 |  4- 6 || total
-------------------------+-------+-------++-------
Melee: Short sword       |       |     8 ||     8
Throw: Large rock        |     2 |     5 ||     7
  Use: Potion            |       |     2 ||     2
Dodge: Dodged            |       |     4 ||     4

Table legend: (Time is in decaauts)
 A = Elapsed time spent in this place.
 B = Non-inter-level travel time spent in this place.
 C = Inter-level travel time spent in this place.
 D = Time resting spent in this place.
 E = Time spent auto-exploring this place.
 F = Levels seen in this place.
 G = Mean time per level.
                   A        B        C        D        E       F      G
               +--------+--------+--------+--------+--------+-----+--------+
         Total |     56 |     56 |      0 |      0 |      1 |   1 |   56.0 |
       Dungeon |     56 |     56 |      0 |      0 |      1 |   1 |   56.0 |
               +--------+--------+--------+--------+--------+-----+--------+

Top non-repeatable levels by time:
       D: 56 daAuts
